[ AOE2 MATCH · #506092642 ]
UnrankedChinese vs Incas
Player's team · WIN
Rival team · LOSS
[ REPLAY ANALYSIS · EXTRACTED FROM THE RECORDED GAME ]
Feudal
12:28
Castle
15:58
Imperial
33:15
| APM avg | 55.7 |
| APM peak | 87 |
| eAPM avg | 31.4 |
| Villagers / military | 151 / 177 |
Focus
⚔️ 37.2% · 🌾 62.8%
Scout Cavalry ×106 · Archer ×20 · Knight ×17 · Cavalry Archer ×14 · Skirmisher ×6 · Iron Pagoda ×5
Feudal
10:57
Castle
19:36
Imperial
35:29
| APM avg | 57.7 |
| APM peak | 98 |
| eAPM avg | 32.4 |
| Villagers / military | 164 / 81 |
Focus
⚔️ 39.0% · 🌾 61.0%
Spearman ×62 · Unknown (2550) ×36 · Archer ×7 · Skirmisher ×7 · Mangonel ×3 · Monk ×2
Match map
Initial resources + every placement click. Lines = walls · curves = elevation contours. ◆ gold · ⬟ stone · ● berries · ✦ relic · ◌ wall gap
Your base· ✓ Closed at 15:58 · 50t walls · 1 gate(s)
Valas's base· ✓ Closed at 19:36 · 39t walls · 1 gate(s)
Smoothed initial terrain · ◌ = detected wall gap · hover for details
Inputs per minute
— OS+ | Emil :D - - Valas
Build order — OS+ | Emil :D
First 150 of 571 actions detected
| 0:00 | Research | Loom |
| 0:39 | Create | Villager (Male) |
| 0:40 | Create | Villager (Male) |
| 1:05 | Create | Villager (Male) |
| 1:28 | Create | Villager (Male) |
| 1:43 | Build | Lumber Camp |
| 1:52 | Create | Villager (Male) |
| 2:19 | Create | Villager (Male) |
| 2:41 | Create | Villager (Male) |
| 3:10 | Create | Villager (Male) |
| 3:28 | Build | House |
| 3:31 | Create | Villager (Male) |
| 3:32 | Create | Villager (Male) |
| 3:51 | Build | House |
| 3:57 | Create | Villager (Male) |
| 4:01 | Create | Villager (Male) |
| 4:04 | Build | Mill |
| 4:42 | Create | Villager (Male) |
| 5:06 | Create | Villager (Male) |
| 5:08 | Create | Villager (Male) |
| 5:23 | Create | Villager (Male) |
| 5:23 | Create | Villager (Male) |
| 5:35 | Create | Villager (Male) |
| 5:35 | Create | Villager (Male) |
| 5:53 | Build | Lumber Camp |
| 6:54 | Build | House |
| 6:56 | Build | House |
| 7:08 | Create | Villager (Male) |
| 7:15 | Build | Barracks |
| 7:23 | Build | Barracks |
| 7:24 | Build | Palisade Wall |
| 7:27 | Build | Palisade Wall |
| 7:28 | Build | Palisade Wall |
| 7:38 | Create | Villager (Male) |
| 7:45 | Build | Farm |
| 8:07 | Create | Villager (Male) |
| 8:15 | Build | Farm |
| 8:19 | Build | Farm |
| 8:21 | Build | Palisade Wall |
| 8:23 | Build | Palisade Wall |
| 8:28 | Build | Palisade Wall |
| 8:29 | Create | Villager (Male) |
| 8:32 | Build | Palisade Wall |
| 8:39 | Build | Palisade Wall |
| 8:45 | Create | Villager (Male) |
| 9:03 | Build | Palisade Wall |
| 9:06 | Build | Palisade Wall |
| 9:23 | Create | Villager (Male) |
| 9:38 | Build | Palisade Gate |
| 9:48 | Create | Villager (Male) |
| 9:50 | Build | Farm |
| 9:51 | Build | Farm |
| 9:52 | Build | Farm |
| 10:06 | Build | Palisade Wall |
| 10:08 | Build | Palisade Wall |
| 10:09 | Build | Palisade Wall |
| 10:13 | Create | Villager (Male) |
| 10:18 | Research | Feudal Age |
| 10:21 | Build | Mining Camp |
| 11:09 | Create | Villager (Male) |
| 11:10 | Create | Villager (Male) |
| 11:22 | Build | Palisade Wall |
| 11:48 | Build | House |
| 11:50 | Build | House |
| 11:55 | Build | House |
| 11:57 | Build | House |
| 12:28 | Age | Feudal Age |
| 12:34 | Build | Archery Range |
| 12:40 | Build | Blacksmith |
| 13:13 | Research | Castle Age |
| 13:19 | Research | Double-Bit Axe |
| 13:30 | Build | Farm |
| 13:38 | Research | Horse Collar |
| 13:49 | Build | Farm |
| 13:59 | Create | Skirmisher |
| 14:02 | Build | Palisade Wall |
| 14:13 | Research | Fletching |
| 14:14 | Research | Fletching |
| 14:17 | Build | Palisade Wall |
| 14:30 | Build | Palisade Wall |
| 14:37 | Create | Skirmisher |
| 14:41 | Create | Villager (Male) |
| 14:42 | Build | Archery Range |
| 15:30 | Create | Skirmisher |
| 15:38 | Create | Villager (Male) |
| 15:58 | Age | Castle Age |
| 16:00 | Create | Cavalry Archer |
| 16:01 | Create | Cavalry Archer |
| 16:03 | Create | Villager (Male) |
| 16:17 | Create | Villager (Male) |
| 16:31 | Create | Cavalry Archer |
| 16:33 | Build | Siege Workshop |
| 16:35 | Research | Bow Saw |
| 16:44 | Create | Villager (Male) |
| 17:08 | Research | Bodkin Arrow |
| 17:08 | Research | Bodkin Arrow |
| 17:11 | Build | House |
| 17:14 | Create | Villager (Male) |
| 17:16 | Create | Iron Pagoda |
| 17:17 | Build | House |
| 17:18 | Create | Cavalry Archer |
| 17:21 | Build | House |
| 17:31 | Create | Cavalry Archer |
| 17:52 | Create | Villager (Male) |
| 18:03 | Create | Cavalry Archer |
| 18:11 | Create | Battering Ram |
| 18:26 | Create | Cavalry Archer |
| 18:29 | Create | Villager (Male) |
| 18:31 | Build | University |
| 18:33 | Build | Farm |
| 18:38 | Build | House |
| 18:47 | Create | Villager (Male) |
| 18:50 | Build | Farm |
| 18:52 | Build | Farm |
| 19:01 | Create | Cavalry Archer |
| 19:02 | Create | Cavalry Archer |
| 19:12 | Create | Villager (Male) |
| 19:12 | Create | Villager (Male) |
| 19:19 | Build | Farm |
| 19:34 | Create | Villager (Male) |
| 19:51 | Create | Villager (Male) |
| 20:03 | Build | Town Center |
| 20:22 | Create | Cavalry Archer |
| 20:22 | Create | Cavalry Archer |
| 20:23 | Create | Villager (Male) |
| 20:24 | Build | Farm |
| 20:27 | Research | Ballistics |
| 20:36 | Create | Villager (Male) |
| 20:47 | Create | Villager (Male) |
| 21:13 | Create | Iron Pagoda |
| 21:14 | Create | Villager (Male) |
| 21:25 | Build | Farm |
| 21:26 | Build | Farm |
| 21:28 | Create | Villager (Male) |
| 21:28 | Create | Villager (Male) |
| 21:37 | Create | Villager (Male) |
| 21:46 | Build | Town Center |
| 22:05 | Build | Farm |
| 22:06 | Build | Farm |
| 22:06 | Build | Farm |
| 22:06 | Build | Farm |
| 22:11 | Create | Villager (Male) |
| 22:18 | Create | Villager (Male) |
| 22:29 | Create | Iron Pagoda |
| 22:30 | Create | Villager (Male) |
| 22:31 | Create | Villager (Male) |
| 22:50 | Research | Town Watch |
| 22:53 | Build | Farm |
| 22:53 | Build | Farm |
| 22:53 | Build | Farm |
Build order — Valas
First 150 of 488 actions detected
| 0:00 | Create | Villager (Male) |
| 0:01 | Create | Villager (Male) |
| 0:01 | Create | Villager (Male) |
| 0:03 | Build | House |
| 0:11 | Create | Villager (Male) |
| 1:09 | Create | Villager (Male) |
| 1:56 | Build | Settlement |
| 1:57 | Create | Villager (Male) |
| 2:07 | Create | Villager (Male) |
| 2:38 | Create | Villager (Male) |
| 2:56 | Create | Villager (Male) |
| 3:39 | Create | Villager (Male) |
| 3:57 | Create | Villager (Male) |
| 4:24 | Create | Villager (Male) |
| 4:29 | Build | Barracks |
| 4:41 | Create | Villager (Male) |
| 4:42 | Create | Villager (Male) |
| 5:10 | Create | Villager (Male) |
| 5:25 | Create | Unit 2550 |
| 5:30 | Create | Villager (Male) |
| 5:38 | Build | Palisade Wall |
| 5:41 | Build | House |
| 5:44 | Create | Unit 2550 |
| 5:54 | Create | Villager (Male) |
| 6:22 | Create | Villager (Male) |
| 6:30 | Build | Palisade Wall |
| 6:34 | Create | Unit 2550 |
| 6:35 | Create | Villager (Male) |
| 6:57 | Build | House |
| 7:00 | Build | Palisade Wall |
| 7:22 | Create | Villager (Male) |
| 7:24 | Build | Palisade Wall |
| 7:46 | Build | Settlement |
| 7:54 | Create | Villager (Male) |
| 7:57 | Research | Loom |
| 8:21 | Build | House |
| 8:22 | Build | Palisade Wall |
| 8:47 | Research | Feudal Age |
| 9:00 | Build | Palisade Wall |
| 9:00 | Build | Palisade Wall |
| 9:01 | Build | Palisade Wall |
| 10:23 | Build | Palisade Gate |
| 10:23 | Build | Palisade Wall |
| 10:24 | Build | Palisade Wall |
| 10:25 | Build | Palisade Wall |
| 10:42 | Create | Villager (Male) |
| 10:57 | Age | Feudal Age |
| 10:58 | Research | Tech 1402 |
| 10:58 | Research | Tech 1402 |
| 10:59 | Create | Villager (Male) |
| 11:04 | Build | Archery Range |
| 11:13 | Research | Double-Bit Axe |
| 11:16 | Research | Horse Collar |
| 11:20 | Create | Villager (Male) |
| 11:37 | Research | Arson |
| 11:43 | Create | Villager (Male) |
| 11:46 | Build | Farm |
| 11:48 | Build | Farm |
| 11:49 | Build | Farm |
| 11:51 | Create | Archer |
| 12:03 | Build | Farm |
| 12:04 | Create | Villager (Male) |
| 12:08 | Create | Archer |
| 12:28 | Create | Villager (Male) |
| 12:41 | Create | Villager (Male) |
| 12:46 | Build | Blacksmith |
| 12:48 | Create | Archer |
| 12:51 | Create | Villager (Male) |
| 13:03 | Build | Farm |
| 13:10 | Build | Farm |
| 13:14 | Create | Villager (Male) |
| 13:24 | Build | Farm |
| 13:28 | Create | Archer |
| 13:33 | Build | House |
| 13:36 | Research | Fletching |
| 13:48 | Create | Archer |
| 13:49 | Create | Villager (Male) |
| 13:52 | Build | Farm |
| 14:11 | Create | Villager (Male) |
| 14:13 | Create | Archer |
| 14:20 | Create | Villager (Male) |
| 14:26 | Build | Farm |
| 14:27 | Build | Farm |
| 14:30 | Build | Farm |
| 14:34 | Build | Farm |
| 14:50 | Create | Villager (Male) |
| 14:58 | Create | Villager (Male) |
| 15:03 | Create | Archer |
| 15:32 | Build | Market |
| 15:38 | Create | Villager (Male) |
| 15:47 | Create | Villager (Male) |
| 16:05 | Research | Town Watch |
| 16:05 | Research | Town Watch |
| 16:52 | Build | Archery Range |
| 16:56 | Research | Castle Age |
| 17:08 | Create | Skirmisher |
| 17:24 | Research | Padded Archer Armor |
| 17:52 | Create | Skirmisher |
| 17:52 | Create | Skirmisher |
| 17:59 | Build | House |
| 18:03 | Build | House |
| 18:04 | Build | House |
| 18:19 | Create | Skirmisher |
| 18:19 | Create | Skirmisher |
| 18:44 | Create | Skirmisher |
| 18:44 | Create | Skirmisher |
| 19:10 | Build | Watch Tower |
| 19:14 | Build | Watch Tower |
| 19:17 | Create | Villager (Male) |
| 19:19 | Build | House |
| 19:20 | Build | House |
| 19:36 | Age | Castle Age |
| 19:39 | Build | Siege Workshop |
| 19:43 | Research | Bodkin Arrow |
| 19:43 | Create | Villager (Male) |
| 19:45 | Build | University |
| 19:54 | Create | Villager (Male) |
| 20:00 | Create | Villager (Male) |
| 20:00 | Create | Mangonel |
| 20:13 | Create | Villager (Male) |
| 20:24 | Research | Guard Tower (upgrade) |
| 20:40 | Create | Villager (Male) |
| 21:01 | Create | Villager (Male) |
| 21:05 | Create | Villager (Male) |
| 21:13 | Research | Bodkin Arrow |
| 21:13 | Research | Bodkin Arrow |
| 21:21 | Build | Town Center |
| 21:36 | Build | Farm |
| 21:39 | Create | Villager (Male) |
| 21:49 | Build | Farm |
| 21:55 | Build | Farm |
| 21:58 | Create | Villager (Male) |
| 22:06 | Create | Villager (Male) |
| 22:29 | Build | House |
| 22:30 | Create | Villager (Male) |
| 22:43 | Research | Bow Saw |
| 22:58 | Create | Villager (Male) |
| 23:03 | Build | Outpost |
| 23:08 | Create | Villager (Male) |
| 23:09 | Create | Villager (Male) |
| 23:09 | Build | Farm |
| 23:10 | Build | Farm |
| 23:11 | Build | Farm |
| 23:12 | Create | Villager (Male) |
| 23:17 | Build | House |
| 23:30 | Create | Villager (Male) |
| 23:30 | Create | Villager (Male) |
| 23:41 | Create | Villager (Male) |
| 23:48 | Build | Outpost |
| 23:58 | Build | Town Center |
Match timeline
| 4:29 | Valas · first_building Barracks |
| 5:38 | Valas · wall_segment Palisade Wall x13 |
| 6:30 | Valas · wall_segment Palisade Wall x7 |
| 7:00 | Valas · wall_segment Palisade Wall x4 |
| 7:15 | OS+ | Emil :D · first_building Barracks |
| 7:24 | Valas · wall_segment Palisade Wall x4 |
| 7:24 | OS+ | Emil :D · wall_segment Palisade Wall x1 |
| 7:27 | OS+ | Emil :D · wall_segment Palisade Wall x1 |
| 7:28 | OS+ | Emil :D · wall_segment Palisade Wall x7 |
| 8:21 | OS+ | Emil :D · wall_segment Palisade Wall x1 |
| 8:22 | Valas · wall_segment Palisade Wall x1 |
| 8:23 | OS+ | Emil :D · wall_segment Palisade Wall x3 |
| 8:28 | OS+ | Emil :D · wall_segment Palisade Wall x6 |
| 8:32 | OS+ | Emil :D · wall_segment Palisade Wall x4 |
| 8:39 | OS+ | Emil :D · wall_segment Palisade Wall x3 |
| 9:00 | Valas · wall_segment Palisade Wall x7 |
| 9:00 | Valas · wall_segment Palisade Wall x1 |
| 9:01 | Valas · wall_segment Palisade Wall x1 |
| 9:03 | OS+ | Emil :D · wall_segment Palisade Wall x7 |
| 9:06 | OS+ | Emil :D · wall_segment Palisade Wall x7 |
| 10:06 | OS+ | Emil :D · wall_segment Palisade Wall x1 |
| 10:08 | OS+ | Emil :D · wall_segment Palisade Wall x2 |
| 10:09 | OS+ | Emil :D · wall_segment Palisade Wall x1 |
| 10:23 | Valas · wall_segment Palisade Wall x1 |
| 10:24 | Valas · wall_segment Palisade Wall x1 |
| 10:25 | Valas · wall_segment Palisade Wall x1 |
| 10:57 | Valas · age_up feudal |
| 11:04 | Valas · first_building Archery Range |
| 11:22 | OS+ | Emil :D · wall_segment Palisade Wall x1 |
| 12:28 | OS+ | Emil :D · age_up feudal |
| 12:34 | OS+ | Emil :D · first_building Archery Range |
| 14:02 | OS+ | Emil :D · wall_segment Palisade Wall x2 |
| 14:17 | OS+ | Emil :D · wall_segment Palisade Wall x2 |
| 14:30 | OS+ | Emil :D · wall_segment Palisade Wall x1 |
| 15:58 | OS+ | Emil :D · age_up castle |
| 16:33 | OS+ | Emil :D · first_building Siege Workshop |
| 16:40 | Valas · first_market_sell 100 wood |
| 16:41 | Valas · first_market_buy 100 food |
| 19:36 | Valas · age_up castle |
| 19:39 | Valas · first_building Siege Workshop |
| 23:24 | OS+ | Emil :D · first_building Monastery |
| 29:56 | OS+ | Emil :D · first_market_sell 100 food |
| 31:26 | OS+ | Emil :D · first_building Stable |
| 31:31 | OS+ | Emil :D · first_market_buy 100 stone |
| 31:40 | OS+ | Emil :D · first_building Castle |
| 33:15 | OS+ | Emil :D · age_up imperial |
| 33:17 | Valas · first_building Castle |
| 33:43 | Valas · first_building Monastery |
| 35:29 | Valas · age_up imperial |
| 36:35 | Valas · wall_segment Stone Wall x1 |
| 39:41 | Valas · wall_segment Stone Wall x1 |
| 39:42 | Valas · wall_segment Stone Wall x1 |
| 39:43 | Valas · wall_segment Stone Wall x1 |
| 44:05 | Valas · resign |
[ AI ANALYSIS · 1 CREDIT ]
What really happened in this match?
Wolo.gg analyzes every decision: build order, eco, micro, common mistakes by bracket. Personalized analysis on WhatsApp or Discord in 30 seconds.
Civ guide
Chinese
Perfil
Jugador #862991